[Event "Early-Titled-Tuesday-Blitz-January-30-2024"]
[Site "Chess.com"]
[Date "2024.01.30"]
[Round "3"]
[White "LiemLe"]
[Black "tacticthunder"]
[Result "1-0"]
[WhiteElo "3100"]
[BlackElo "2795"]
[TimeControl "180+1"]
[EndTime "8:30:13 PST"]
[Termination "LiemLe won on time"]

1. Nf3 c5 2. c4 Nc6 3. g3 g6 4. Bg2 Bg7 5. O-O e6 6. e3 Nge7 7. d4 cxd4 8. Nxd4 Nxd4 9. exd4 d5 10. cxd5 exd5 11. Nc3 O-O 12. Bg5 Be6 13. Re1 Re8 14.
Qb3 h6 15. Bxe7 Rxe7 16. Bxd5 Bxd5 17. Nxd5 Rxe1+ 18. Rxe1 Bxd4 19. Re7 Qd6 20. Rxf7 Qe6 21. Re7 Bxf2+ 22. Kxf2 Rf8+ 23. Nf4 Qxb3 24. axb3 g5 25. Rxb7 gxf4 26. g4 Rd8 27. Rxa7 Rd2+ 28. Kf3 Rxh2 29. Kxf4 Rxb2 30. Rb7 Rf2+ 31. Kg3 Rb2 32. b4 Kf8 33. b5 Ke8 34. Kf4 Rf2+ 35. Ke5 Kf8 36. Rc7 Rb2 37.
Rc5 Rb4 38. Kd6 Rxg4 39. b6 Rb4 40. Kc6 Kg7 41. b7 Kg6 42. Rb5 Rc4+ 43. Kd5 1-0

[Event "Early-Titled-Tuesday-Blitz-January-30-2024"]
[Site "Chess.com"]
[Date "2024.01.30"]
[Round "3"]
[White "GaiozNigalidze"]
[Black "VladimirKramnik"]
[Result "0-1"]
[WhiteElo "2701"]
[BlackElo "2934"]
[TimeControl "180+1"]
[EndTime "8:30:14 PST"]
[Termination "VladimirKramnik won on time"]

1. d4 d5 2. c4 e6 3. cxd5 exd5 4. Nc3 c6 5. Nf3 Bf5 6. g3 Nf6 7. Bg2 Be7 8. O-O O-O 9. Nh4 Be6 10. Nf3 Nbd7 11. Qc2 h6 12. Bf4 Rc8 13. Rac1 Re8 14. Rfd1 a5 15. h3 b5 16. g4 Nb6 17. e3 a4 18. Ne5 Nc4 19. b3 axb3 20. axb3 Nxe5 21. dxe5 Nd7 22. e4 d4 23. Rxd4 Qb6 24. Rdd1 Ba3 25.
Ra1 Bc5 26. Bg3 Bd4 27. Kh2 g5 28. f4 gxf4 29. Bxf4 Bxe5 30. Qd2 Qc7 31. Rf1 Nc5 32. Rab1 Rcd8 33. Qe3 Nd3 34. Bxe5 Qxe5+ 35. Kh1 Qxc3 36. Rbd1 b4 37. Qxh6 Nf2+ 38. Kg1 Rxd1 0-1

[Event "Early-Titled-Tuesday-Blitz-January-30-2024"]
[Site "Chess.com"]
[Date "2024.01.30"]
[Round "3"]
[White "Shushik"]
[Black "Susal_De_Silva"]
[Result "1-0"]
[WhiteElo "2532"]
[BlackElo "2744"]
[TimeControl "180+1"]
[EndTime "8:30:14 PST"]
[Termination "Shushik won by resignation"]

1. e4 c6 2. d4 d5 3. e5 Bf5 4. Nf3 e6 5. Be2 Nd7 6. O-O h6 7. Nbd2 Ne7 8. a4 Bh7 9. Nb3 Nf5 10. a5 a6 11. Bd2 Be7 12. g4 Nh4 13. Nxh4 Bxh4 14. f4 Qc7 15. Bb4 Be7 16. Bxe7 Kxe7 17. f5 c5 18. c3 h5 19. Qd2 Rag8 20. fxe6 fxe6 21. Qg5+ Ke8 22. Qxh5+ Kd8 23. Qf7 c4 24. Nd2 Qc6 25. Nf3 Rf8 26. Qh5 Bd3 27. Qg5+ Kc8 28. Bxd3 cxd3 29. Nh4 Rxf1+ 30. Rxf1 Qb5 31. Rf2 Qxa5 32.
Ng6 Re8 33. Ne7+ Kb8 34. Qxg7 Qd8 35. Ng6 Rg8 36. Qf7 Nb6 37. h4 Nc4 38. b3 d2 39.
Qf3 Rxg6 40. bxc4 Qxh4 41. Qf8+ Kc7 42. Qd6+ 1-0

[Event "Early-Titled-Tuesday-Blitz-January-30-2024"]
[Site "Chess.com"]
[Date "2024.01.30"]
[Round "3"]
[White "Kunalm64"]
[Black "mbchess97"]
[Result "0-1"]
[WhiteElo "2566"]
[BlackElo "2380"]
[TimeControl "180+1"]
[EndTime "8:30:14 PST"]
[Termination "mbchess97 won by resignation"]

1. e4 c5 2. Nf3 d6 3. Bb5+ Bd7 4. Bxd7+ Nxd7 5. O-O Ngf6 6. Qe2 e6 7. c4 e5 8. d3 Be7 9. Nc3 O-O 10. a3 Nb8 11. b4 Nc6 12. Rb1 Nd4 13. Nxd4 cxd4 14. Nd5 Nxd5 15. exd5 f5 16. f3 Bg5 17. Bxg5 Qxg5 18. f4 Qe7 19. fxe5 dxe5 20. c5 e4 21. d6 Qe6 22.
Rbd1 e3 23. Ra1 a5 24. Qb2 Qd5 25. Rf4 axb4 26. Rxd4 bxa3 27. Qc3 Qe5 28. d7 e2 29. Re1 a2 30. Kf2 a1=Q 31. Rxa1 Rxa1 32. Qxa1 e1=Q+ 33. Qxe1 Qxd4+ 34. Qe3 Qxe3+ 35. Kxe3 Rd8 0-1

[Event "Early-Titled-Tuesday-Blitz-January-30-2024"]
[Site "Chess.com"]
[Date "2024.01.30"]
[Round "3"]
[White "hsd2016"]
[Black "Ramosha"]
[Result "1-0"]
[WhiteElo "2312"]
[BlackElo "2552"]
[TimeControl "180+1"]
[EndTime "8:30:14 PST"]
[Termination "hsd2016 won by resignation"]

1. e4 c6 2. d4 d5 3. exd5 cxd5 4. Bd3 Nc6 5. c3 Nf6 6. h3 g6 7.
Nf3 Bg7 8. O-O Bf5 9. Bxf5 gxf5 10. Re1 O-O 11. Nbd2 e6 12. Ne5 Nxe5 13. dxe5 Ne4 14. Nxe4 dxe4 15. Bf4 Qb6 16. Qb3 Rfd8 17. Rad1 Qc6 18.
Qb4 Bf8 19. Qb3 Bg7 20. Qb4 a5 21. Qe7 Qe8 22. Qxe8+ Rxe8 23. Rd7 b5 24. Red1 b4 25. c4 a4 26. Rb7 Rab8 27. Ra7 Ra8 28. Rb7 Reb8 29.
Rdd7 b3 30. a3 Rc8 31. Rxf7 Bf8 32. Rfc7 Rxc7 33. Rxc7 Rb8 34. c5 Rb5 35. Be3 f4 36. Bd4 h5 37. Kf1 f3 38. gxf3 exf3 39. Ke1 Bh6 40. c6 Bf4 41. Rc8+ Kf7 42. c7 Bxe5 43. Rf8+ Kxf8 44. c8=Q+ Ke7 45. Bc5+ Kf6 46. Qh8+ Kf5 47. Qxh5+ Ke4 48. Qg4+ Kd5 49. Be3 Bxb2 50. Qxf3+ Kd6 51. Qf8+ Kd5 52. Qa8+ Ke5 53. Qh8+ Ke4 54. Qxb2 Kf3 55.
Kf1 Ke4 56. Qd4+ Kf5 57. Qd3+ 1-0

[Event "Early-Titled-Tuesday-Blitz-January-30-2024"]
[Site "Chess.com"]
[Date "2024.01.30"]
[Round "3"]
[White "m_ezat"]
[Black "SahibSinghKnight"]
[Result "0-1"]
[WhiteElo "2474"]
[BlackElo "2660"]
[TimeControl "180+1"]
[EndTime "8:30:15 PST"]
[Termination "SahibSinghKnight won on time"]

1. d4 d5 2. c4 e6 3. Nc3 c6 4. e4 dxe4 5. Nxe4 Bb4+ 6. Bd2 Qxd4 7. Bxb4 Qxe4+ 8. Be2 Na6 9. Bf8 Qxg2 10. Qd6 Bd7 11.
O-O-O O-O-O 12. c5 Nh6 13. Bxa6 bxa6 14. Be7 Nf5 15.
Qd3 Nxe7 16. Qxa6+ Kb8 17. Ne2 Qg5+ 18. f4 Qxc5+ 19. Kb1 Qb5 20. Qa3 Nf5 21. Nc3 Qc4 22. Rd2 Bc8 23. Rhd1 Rxd2 24. Rxd2 Qxf4 25. Rc2 Qf1+ 26.
Rc1 Qd3+ 27. Ka1 Rd8 28. Qb4+ Bb7 29. Qa5 Qe3 30. Kb1 Qb6 31. Qe5+ Qc7 0-1

[Event "Early-Titled-Tuesday-Blitz-January-30-2024"]
[Site "Chess.com"]
[Date "2024.01.30"]
[Round "3"]
[White "LornerAcosta"]
[Black "ferrufino64"]
[Result "0-1"]
[WhiteElo "2381"]
[BlackElo "2237"]
[TimeControl "180+1"]
[EndTime "8:30:15 PST"]
[Termination "ferrufino64 won on time"]

1. Nf3 c5 2. e3 Nc6 3. c4 Nf6 4.
Be2 g6 5. O-O Bg7 6. d4 cxd4 7.
exd4 d5 8. c5 Ne4 9. Nc3 Nxc3 10. bxc3 O-O 11. Bf4 b6 12. Qa4 Bd7 13. Bb5 Qc8 14. cxb6 axb6 15. Qb3 e6 16. a4 Na5 17.
Qb4 Bxb5 18. Qxb5 Nc4 19. Rfb1 Ra5 20. Qb4 Qc6 21. h4 h5 22. Nd2 Rc8 23. Nxc4 Qxc4 24. Qxb6 Rxa4 25. Rxa4 Qxa4 26. Bd2 Bf6 27. g3 Kg7 28.
Qb3 Qa6 29. Qb5 Qa2 30. Rb2 Qa1+ 31. Rb1 Qa2 32. Rb2 Qc4 33. Qxc4 Rxc4 34. Kf1 Bd8 35.
Ke2 Ba5 36. Kd3 Kf6 37. Ra2 Bc7 38. Ra7 Rc6 39. Bg5+ Kf5 40. Be3 f6 41. Ra8 Rb6 0-1

[Event "Early-Titled-Tuesday-Blitz-January-30-2024"]
[Site "Chess.com"]
[Date "2024.01.30"]
[Round "3"]
[White "Ginger_GM"]
[Black "Binary010"]
[Result "0-1"]
[WhiteElo "2682"]
[BlackElo "2911"]
[TimeControl "180+1"]
[EndTime "8:30:16 PST"]
[Termination "Binary010 won by resignation"]

1. d4 Nf6 2. c4 e6 3. Nf3 d5 4. Nc3 h6 5. Bf4 Bd6 6. Bg3 O-O 7. e3 a6 8. c5 Bxg3 9. hxg3 Nc6 10. Bd3 Qe7 11.
e4 e5 12. Nxd5 Nxd5 13. exd5 Nxd4 14. Rc1 Bg4 15. Be2 Rad8 16. Nxd4 exd4 17. f3 Rxd5 18. fxg4 d3 19. O-O Qe3+ 20. Kh2 Qxe2 21. Qxe2 dxe2 22.
Rfe1 Rd2 23. b4 Rxa2 24. Rc4 Re8 25. Kg1 Rb2 26. Kf2 c6 27. Rd4 g6 28. Kf3 Kg7 29.
Kf2 Re5 30. Kf3 a5 31. bxa5 Rxc5 32. Rd7 Rxa5 33. Rxe2 Ra3+ 34. Kf2 Rxe2+ 35. Kxe2 Rxg3 0-1

[Event "Early-Titled-Tuesday-Blitz-January-30-2024"]
[Site "Chess.com"]
[Date "2024.01.30"]
[Round "3"]
[White "Predator0608"]
[Black "Sofia_Blokhin"]
[Result "0-1"]
[WhiteElo "2479"]
[BlackElo "2265"]
[TimeControl "180+1"]
[EndTime "8:30:16 PST"]
[Termination "Sofia_Blokhin won by checkmate"]

1. f4 d5 2. Nf3 c5 3. g3 g6 4. Bg2 Bg7 5. O-O Nc6 6. d3 Nf6 7. Qe1 O-O 8. e4 dxe4 9. dxe4 e5 10. Nc3 Re8 11. Qf2 b6 12. Nd5 Nxe4 13. Qe2 Qxd5 14.
c4 Qd7 15. Qxe4 exf4 16. Qxf4 Bb7 17. Bd2 Nd4 18. Kh1 Nxf3 19. Bxf3 Be5 20. Qh6 Bxf3+ 21. Rxf3 Qc6 22. Rf1 Rad8 23. Be3 Rf8 24. Kg1 Qe4 25. Bg5 Bd4+ 26. Kg2 Qe2+ 27. Kh3 Rde8 28. Rf4 f5 29. R1f3 Re4 30. Rxe4 Qxe4 31. Rf4 Qe2 32. Kh4 Qxh2# 0-1

[Event "Early-Titled-Tuesday-Blitz-January-30-2024"]
[Site "Chess.com"]
[Date "2024.01.30"]
[Round "3"]
[White "VincentKeymer"]
[Black "pedro_gines"]
[Result "0-1"]
[WhiteElo "3058"]
[BlackElo "2787"]
[TimeControl "180+1"]
[EndTime "8:30:18 PST"]
[Termination "pedro_gines won by checkmate"]

1. a3 Nf6 2. Nf3 d5 3. e3 c6 4. c4 Bf5 5. b4 e6 6. Bb2 Nbd7 7. Nc3 h6 8. Be2 Be7 9. O-O O-O 10. Re1 a5 11. b5 Nb6 12. bxc6 Nxc4 13. Bxc4 dxc4 14.
e4 Bg4 15. e5 Nd5 16. cxb7 Rb8 17. h3 Bh5 18. Nxd5 Qxd5 19. Bc3 Rxb7 20. Qe2 a4 21.
Qe4 Qxe4 22. Rxe4 Rc8 23. Nd4 Bg6 24. Ree1 Bd3 25. g4 Bc5 26. Kg2 Rb6 27. Ra2 Rd8 28.
Nc2 Rb3 29. Nb4 Bb1 30. Ra1 Bg6 31. f4 Rd7 32. Re2 Bd4 33. Bxd4 Rxd4 34. Rf2 Be4+ 35. Kh2 g6 36. Ra2 Kg7 37. Ra1 Bb7 38. Nc2 Rdd3 39. Ne3 c3 40. Nf1 c2 41. Rc1 Rxh3+ 42. Kg1 Rh1# 0-1

[Event "Early-Titled-Tuesday-Blitz-January-30-2024"]
[Site "Chess.com"]
[Date "2024.01.30"]
[Round "3"]
[White "SirGerhard"]
[Black "Jospem"]
[Result "0-1"]
[WhiteElo "2766"]
[BlackElo "3051"]
[TimeControl "180+1"]
[EndTime "8:30:20 PST"]
[Termination "Jospem won by checkmate"]

1. d4 Nf6 2. c4 e6 3. Nf3 Bb4+ 4.
Nbd2 O-O 5. a3 Be7 6. e3 b6 7. Bd3 Bb7 8. O-O c5 9. Qe2 cxd4 10. exd4 d5 11. b3 Nc6 12. Bb2 Re8 13. Rfe1 Bf8 14. Rac1 Rc8 15. g3 g6 16. Qe3 Bg7 17. c5 bxc5 18.
Rxc5 Nd7 19. Rc2 a5 20. Bb5 Qb6 21. a4 Ba6 22. Bxc6 Rxc6 23. Rec1 Rxc2 24. Rxc2 Nf6 25.
Ne5 Ne4 26. Nxe4 dxe4 27. Rc6 Qb7 28. Qc3 Rb8 29. Qxa5 Qxb3 30. Qxa6 Bxe5 31. Rc8+ Rxc8 32. Qxc8+ Kg7 33. dxe5 Qxb2 34. Qc5 Qa1+ 35. Kg2 Qxa4 36. Qe7 Qa8 37. Kg1 Qd5 38. Qf6+ Kg8 39. h4 h5 40. Kh2 Qd2 41. Kh3 e3 42. fxe3 Qxe3 43. Qd8+ Kh7 44. Qf6 Qa7 45. Kh2 Qb7 46. Kh3 Qh1# 0-1

[Event "Early-Titled-Tuesday-Blitz-January-30-2024"]
[Site "Chess.com"]
[Date "2024.01.30"]
[Round "3"]
[White "marik_spb"]
[Black "lularobs"]
[Result "1-0"]
[WhiteElo "2430"]
[BlackElo "1569"]
[TimeControl "180+1"]
[EndTime "8:30:20 PST"]
[Termination "marik_spb won on time"]

1. e4 e6 2. d4 d5 3. e5 c5 4. c3 Bd7 5. f4 Qb6 6. Nf3 Nc6 7. Be2 Nh6 8. dxc5 Bxc5 9. b4 Be7 10. Qd3 Nf5 11. g4 Nh6 12. Be3 Qc7 13. h3 a6 14.
Nbd2 Rc8 15. O-O Qd8 16. a3 g6 17. f5 gxf5 18. Bxh6 fxg4 19. hxg4 Rg8 20. Qxh7 Rf8 21. Bxf8 Bxf8 22. c4 dxc4 23. Nxc4 Na7 24. Rad1 Nb5 25.
Ng5 Qe7 26. Qxf7+ Qxf7 27. Nxf7 Rc7 28. Ncd6+ Nxd6 29. Nxd6+ Bxd6 30. Rxd6 Ke7 31. Rfd1 1-0

[Event "Early-Titled-Tuesday-Blitz-January-30-2024"]
[Site "Chess.com"]
[Date "2024.01.30"]
[Round "3"]
[White "AlexPapasimakopoulos"]
[Black "Msb2"]
[Result "1-0"]
[WhiteElo "2772"]
[BlackElo "3016"]
[TimeControl "180+1"]
[EndTime "8:30:21 PST"]
[Termination "AlexPapasimakopoulos won by checkmate"]

1. d4 d5 2. c4 e6 3. Nc3 Bb4 4. cxd5 exd5 5. Nf3 Nf6 6. Qa4+ Nc6 7. Bg5 h6 8. Bxf6 Qxf6 9. e3 O-O 10. Be2 Be6 11.
O-O a6 12. Rfc1 Bd6 13. a3 Ne7 14. b4 Rae8 15. Qd1 c6 16. Na4 g5 17. Nc5 Bc8 18.
a4 Ng6 19. g3 h5 20. b5 axb5 21. axb5 h4 22. bxc6 bxc6 23. Nd3 hxg3 24. hxg3 Kg7 25. Rxc6 Rh8 26. Bf1 Ne7 27. Rb6 Qh6 28. Bg2 Bh3 29. Qf1 Bg4 30. Nde5 Bxf3 31. Nxf3 Rb8 32. Rab1 Nf5 33.
Qd3 Qf6 34. Ne5 Rxb6 35. Rxb6 Ra8 36. Bxd5 Ra1+ 37. Kg2 Qh6 38. Rb1 Rxb1 39. Qxb1 Qf6 40.
Nxf7 Bxg3 41. Qe4 Bb8 42. Qe8 Nh4+ 43. Kf1 Bh2 44. Qh8+ Kg6 45. Qh6+ Kf5 46. e4+ Kg4 47. Qxf6 Nf3 48. Be6+ Kh4 49. Qh8# 1-0

[Event "Early-Titled-Tuesday-Blitz-January-30-2024"]
[Site "Chess.com"]
[Date "2024.01.30"]
[Round "3"]
[White "dropstoneDP"]
[Black "CaspiIsrael"]
[Result "1/2-1/2"]
[WhiteElo "3045"]
[BlackElo "2755"]
[TimeControl "180+1"]
[EndTime "8:30:21 PST"]
[Termination "Game drawn by repetition"]

1. e4 e5 2. Nf3 Nf6 3. Nxe5 d6 4.
Nf3 Nxe4 5. Nc3 Nxc3 6. dxc3 Be7 7. Be3 O-O 8. Qd2 Nd7 9. O-O-O c6 10. h4 d5 11. Bd3 Re8 12. Kb1 Bc5 13. Bd4 Bxd4 14. cxd4 Nf6 15. Ne5 Ne4 16. Bxe4 dxe4 17. Qf4 f6 18. Nc4 Be6 19. Ne3 Qa5 20. c4 Rad8 21. h5 h6 22. Ka1 Qg5 23. Qxg5 hxg5 24. d5 cxd5 25. cxd5 Bf7 26. Rd4 Re5 27. h6 gxh6 28. Ng4 Re7 29. Nxh6+ Kf8 30. Nxf7 Kxf7 31. Rh7+ Ke8 32.
Rxe7+ Kxe7 33. Rxe4+ Kd6 34. Kb1 Kxd5 35. Re7 Kc6 36. Kc2 Rd6 37. Kc3 a5 38. a4 b6 39. g4 Kd5 40. f3 Rc6+ 41. Kd3 Kc5 42. Re4 Rd6+ 43. Kc3 Kc6 44. Rc4+ Kb7 45. Rd4 Re6 46.
Kc4 Re3 47. Rd3 Re2 48. b3 Kc6 49. Kd4 Kd6 50. Kc4+ Kc6 51. Kd4 Kd6 52. Kc4+ Kc6 1/2-1/2

[Event "Early-Titled-Tuesday-Blitz-January-30-2024"]
[Site "Chess.com"]
[Date "2024.01.30"]
[Round "3"]
[White "zverr1"]
[Black "monomita"]
[Result "1-0"]
[WhiteElo "2546"]
[BlackElo "2771"]
[TimeControl "180+1"]
[EndTime "8:30:21 PST"]
[Termination "zverr1 won by resignation"]

1. d4 Nf6 2. c4 c6 3. Nf3 d5 4. g3 e6 5. Bg2 Bb4+ 6. Bd2 Be7 7.
O-O O-O 8. Qc2 Nbd7 9. b3 b6 10. Bc3 Ba6 11. Nbd2 Rc8 12. e4 c5 13. exd5 exd5 14.
Rfe1 cxd4 15. Nxd4 Bc5 16. Qb2 dxc4 17. bxc4 Ng4 18.
Re2 Nde5 19. h3 Nd3 20. Qc2 Ngxf2 21. N2b3 Bxc4 22. Rxf2 Nxf2 23. Qxf2 Bxb3 24. axb3 a5 25. Rd1 Qg5 26. Kh2 Rfd8 27. Rf1 Qf6 28. Qxf6 gxf6 29. Nf5 Rd3 30. Bxf6 Rxb3 31. Bd5 Rb2+ 32. Bxb2 1-0

[Event "Early-Titled-Tuesday-Blitz-January-30-2024"]
[Site "Chess.com"]
[Date "2024.01.30"]
[Round "3"]
[White "stepanosinovsky"]
[Black "Blackwhite017"]
[Result "1-0"]
[WhiteElo "2379"]
[BlackElo "2076"]
[TimeControl "180+1"]
[EndTime "8:30:21 PST"]
[Termination "stepanosinovsky won on time"]

1. e4 c5 2. Nf3 Nc6 3. Bb5 e5 4. O-O Bd6 5. a4 Nge7 6. Re1 a6 7. Bf1 O-O 8. Na3 Bc7 9. c3 d5 10. exd5 Nxd5 11. Nc4 Re8 12. d4 cxd4 13. cxd4 e4 14. Ng5 Bf5 15. f3 e3 16. Nxe3 Nxe3 17. Rxe3 Qxd4 18.
Qxd4 Nxd4 19. Bd3 Nb3 20. Bxf5 Nxa1 21. Bxh7+ Kh8 22. Be4 f5 23. Nf7+ Kg8 24. Bd5 Rxe3 25. Bxe3 Kh7 26. h4 Re8 27. Bg5 1-0

[Event "Early-Titled-Tuesday-Blitz-January-30-2024"]
[Site "Chess.com"]
[Date "2024.01.30"]
[Round "3"]
[White "ChessQueen"]
[Black "EvilMorty23"]
[Result "1-0"]
[WhiteElo "2734"]
[BlackElo "2506"]
[TimeControl "180+1"]
[EndTime "8:30:24 PST"]
[Termination "ChessQueen won on time"]

1. d4 Nf6 2. c4 e6 3. Nc3 d5 4. Nf3 Be7 5. Bg5 a6 6. e3 dxc4 7. Bxc4 b5 8. Bd3 Bb7 9. Qc2 h6 10. Bh4 Nbd7 11. a4 b4 12. Ne4 O-O 13. O-O a5 14. Rac1 Rc8 15. Nxf6+ Bxf6 16. Bxf6 Qxf6 17. Be4 Ba6 18. Rfd1 c5 19. d5 Rfd8 20. dxe6 fxe6 21.
Rd6 Nb8 22. Rcd1 c4 23. Bh7+ Kf8 24. R6d4 Rxd4 25. Rxd4 e5 26. Nxe5 Qxe5 27. Rf4+ Ke7 28. Re4 Rc5 29. f4 Qxe4 30. Qxe4+ Kd6 31. Qd4+ Kc6 32. Be4+ Kb6 33. Qxg7 c3 34. bxc3 bxc3 35. Qxh6+ Nc6 36. Qg6 Bc4 37. Bc2 Bd5 38. h4 Kb7 39. h5 Nb4 40. h6 Rc6 41. h7 Rxg6 42. Bxg6 1-0

[Event "Early-Titled-Tuesday-Blitz-January-30-2024"]
[Site "Chess.com"]
[Date "2024.01.30"]
[Round "3"]
[White "ChainedDowntohell"]
[Black "LeoLV10"]
[Result "0-1"]
[WhiteElo "2595"]
[BlackElo "2454"]
[TimeControl "180+1"]
[EndTime "8:30:24 PST"]
[Termination "LeoLV10 won on time"]

1. d4 Nf6 2. c4 e6 3. Nc3 c5 4. d5 exd5 5. cxd5 d6 6. e4 g6 7. Nge2 Bg7 8. Ng3 O-O 9. Be2 a6 10. a4 Nbd7 11. O-O Re8 12. f4 b6 13. f5 Ne5 14. Bg5 Qe7 15. Qd2 Ned7 16. Rf2 Qe5 17. Raf1 Qd4 18. Qc1 Bb7 19. Kh1 Rf8 20. Be3 Qe5 21.
Bf4 Qe7 22. Bg5 Qe5 23. Bf4 Qe7 24. h3 Rae8 25. Bd3 Ne5 26. Bc2 Nfd7 27. f6 Bxf6 28.
Bh6 Bg7 29. Bxg7 Kxg7 30. Nce2 c4 31. Nd4 Kg8 32. Kh2 Nc5 33. Kh1 Ned3 34. Bxd3 Nxd3 35.
Qh6 Nxf2+ 36. Rxf2 Qe5 37. Ndf5 Kh8 0-1

[Event "Early-Titled-Tuesday-Blitz-January-30-2024"]
[Site "Chess.com"]
[Date "2024.01.30"]
[Round "3"]
[White "alvarorodriguezavila"]
[Black "PattyCastillo"]
[Result "1-0"]
[WhiteElo "2358"]
[BlackElo "1995"]
[TimeControl "180+1"]
[EndTime "8:30:24 PST"]
[Termination "alvarorodriguezavila won by resignation"]

1. e4 c5 2. d4 cxd4 3. c3 dxc3 4. Bc4 e6 5. Nf3 Nc6 6. O-O Nge7 7. Nxc3 a6 8. Bf4 Ng6 9. Bd6 b5 10. Bb3 Be7 11.
e5 Bb7 12. Re1 Na5 13. Bc2 Nc4 14. Bxg6 hxg6 15. Bxe7 Qxe7 16. b3 Nb6 17. Ne4 Bd5 18. Nd6+ Kf8 19. Qd4 Bxf3 20. gxf3 Nd5 21. Rac1 Qg5+ 22.
Qg4 Qh6 23. Qg3 Nf4 24. Rcd1 Nh3+ 25. Kf1 Nf4 26. Kg1 Nh3+ 27. Kh1 Nf4 28. Ne4 Qh3 29. Rxd7 Qxg3 30. fxg3 Nd3 31. Rxd3 1-0

[Event "Early-Titled-Tuesday-Blitz-January-30-2024"]
[Site "Chess.com"]
[Date "2024.01.30"]
[Round "3"]
[White "jefferyx"]
[Black "NovozhilovSemen"]
[Result "1-0"]
[WhiteElo "2982"]
[BlackElo "2652"]
[TimeControl "180+1"]
[EndTime "8:30:25 PST"]
[Termination "jefferyx won by resignation"]

1. b4 e5 2. Bb2 d6 3. e3 g6 4. Bc4 Bg7 5. Ne2 Ne7 6. O-O O-O 7. f4 e4 8. Bxg7 Kxg7 9. Bb3 d5 10. c4 c6 11. Nbc3 Na6 12. a3 Nc7 13. Rc1 b6 14. cxd5 cxd5 15. Nd4 f5 16. Qc2 Ne6 17.
Nce2 Nxd4 18. Nxd4 Bd7 19. Qc7 Qxc7 20. Rxc7 Rfd8 21.
Ba4 Bxa4 22. Rxe7+ Kg8 23. Rc1 Rd7 24. Rxd7 Bxd7 25.
Rc7 Be8 26. Kf2 h6 27. g4 fxg4 28. Kg3 b5 29. Kxg4 a5 30. f5 axb4 31. axb4 Ra1 32.
Kf4 gxf5 33. Nxf5 Bh5 34. Nxh6+ Kf8 35. Rc5 Rb1 36. Rxd5 Bf3 37. Rxb5 Rb2 38. d4 Rxh2 39. Nf5 Rh4+ 40. Nxh4 1-0

[Event "Early-Titled-Tuesday-Blitz-January-30-2024"]
[Site "Chess.com"]
[Date "2024.01.30"]
[Round "3"]
[White "KamilGrycel"]
[Black "FGHSMN"]
[Result "0-1"]
[WhiteElo "2544"]
[BlackElo "2890"]
[TimeControl "180+1"]
[EndTime "8:30:25 PST"]
[Termination "FGHSMN won by resignation"]

1. d4 Nf6 2. Nf3 e6 3. Bf4 b6 4. e3 Bb7 5. h3 Be7 6. Nbd2 O-O 7. Bd3 c5 8. c3 Nc6 9. O-O d6 10. Bh2 a6 11. a4 h6 12. Qe2 d5 13. Ne5 Nxe5 14. dxe5 Nd7 15. f4 Qc7 16. e4 c4 17.
Bc2 b5 18. exd5 Bxd5 19. f5 Bg5 20. Nf3 Bxf3 21. Rxf3 bxa4 22. Rxa4 Qb6+ 23. Kh1 Nc5 24. Rxc4 exf5 25. Bxf5 Ne6 26. Bxe6 Qxe6 27. Bg3 Rab8 28. b4 Rbc8 29. Rxc8 Rxc8 30. Kh2 h5 31. Qe4 Rc4 32. Qf5 Qe7 33. Rd3 h4 34. Bf2 g6 35. Qd7 Qxe5+ 36. Kg1 Rxc3 37. Rd1 Rc2 38. Re1 Re2 39. Rxe2 Qxe2 40. Qc8+ Kh7 41. Qc2 Qxc2 0-1

[Event "Early-Titled-Tuesday-Blitz-January-30-2024"]
[Site "Chess.com"]
[Date "2024.01.30"]
[Round "3"]
[White "Incognito_Knight"]
[Black "BilodeauA"]
[Result "0-1"]
[WhiteElo "2732"]
[BlackElo "3028"]
[TimeControl "180+1"]
[EndTime "8:30:26 PST"]
[Termination "BilodeauA won on time"]

1. c4 e5 2. Nc3 d6 3. d4 exd4 4. Qxd4 Nc6 5. Qd2 Nf6 6. Nf3 g6 7. b3 a5 8. Bb2 a4 9. Nxa4 d5 10. cxd5 Ne4 11. Qe3 Rxa4 12. O-O-O Bc5 13. Qh6 Bf8 14.
Qe3 Bc5 15. Qh6 Rxa2 16. dxc6 Qe7 17. Qg7 Rf8 18. Kb1 Rxb2+ 19. Qxb2 Nxf2 20. Rd2 Nxh1 21. cxb7 Bxb7 22. e3 f6 23. Bb5+ c6 24. Bc4 Qe4+ 25.
Bd3 Qe6 26. Bc4 Qg4 27. Qc1 Qe4+ 28. Bd3 Qe7 29. Qxh1 Kf7 30. Bc4+ Kg7 31. Qd1 Bc8 32. Nd4 Rd8 33. Nf3 Bf5+ 34. Kb2 Ra8 0-1

[Event "Early-Titled-Tuesday-Blitz-January-30-2024"]
[Site "Chess.com"]
[Date "2024.01.30"]
[Round "3"]
[White "VomDingJetztHer"]
[Black "YouJustFoundYourGodfather"]
[Result "1-0"]
[WhiteElo "2428"]
[BlackElo "2583"]
[TimeControl "180+1"]
[EndTime "8:30:26 PST"]
[Termination "VomDingJetztHer won by checkmate"]

1. Nf3 f5 2. d3 Nf6 3. Nbd2 g6 4. e4 d6 5. Be2 Bg7 6. O-O O-O 7. c3 c5 8. Re1 Nc6 9. Qc2 e5 10. Nf1 h6 11. h3 g5 12. exf5 Bxf5 13. Ng3 Bg6 14. Ne4 Kh8 15. Nh2 Nd5 16. Ng4 Nf4 17. Bf1 Qd7 18.
g3 Ne6 19. Be3 b6 20. Nd2 Ncd4 21. cxd4 cxd4 22. Bg2 Rac8 23. Qb3 Nc5 24. Qd5 dxe3 25.
Nc4 Nxd3 26. Rxe3 Nb4 27. Qxd6 Qxd6 28. Nxd6 Rcd8 29. Rd1 Nc2 30. Nxe5 Bh5 31. Ndf7+ Bxf7 32. Nxf7+ Kh7 33. Nxd8 Nxe3 34. fxe3 Bxb2 35. Rd7+ Kg6 36.
Be4+ Kh5 37. Ne6 Rf6 38. Ng7# 1-0

[Event "Early-Titled-Tuesday-Blitz-January-30-2024"]
[Site "Chess.com"]
[Date "2024.01.30"]
[Round "3"]
[White "MoreChessJulia"]
[Black "atalz0"]
[Result "1-0"]
[WhiteElo "2170"]
[BlackElo "2464"]
[TimeControl "180+1"]
[EndTime "8:30:26 PST"]
[Termination "MoreChessJulia won on time"]

1. d4 Nf6 2. c4 e6 3. Nf3 d5 4. g3 dxc4 5. Qa4+ Nbd7 6. Bg2 a6 7.
Qxc4 b5 8. Qc2 Bb7 9. O-O c5 10.
dxc5 Bxc5 11. a3 Rc8 12. Nc3 Nd5 13. Bd2 O-O 14. e4 Nxc3 15. Bxc3 b4 16. axb4 Bxb4 17.
Rfc1 Bxc3 18. bxc3 e5 19. Ne1 Nc5 20. f3 Qb6 21. Kh1 Rc7 22. Rcb1 Qe6 23. Nd3 Nxd3 24. Qxd3 Rfc8 25. Rc1 h5 26. h4 Rd7 27. Qe3 Rcd8 28.
Bf1 Rd2 29. Rcb1 Bc8 30. Rb6 Qd7 31. Qg5 Rd1 32. Rbb1 Rxb1 33. Rxb1 Qd6 34. Qxh5 Qd2 35. Qg5 Qc2 36. Qxd8+ Kh7 37. Qd1 Qf2 38. Qe2 Qxg3 39. Qh2 Qxf3+ 40. Bg2 Qf2 41. Rf1 Qe2 42. Qxe5 Bg4 43.
Rxf7 Qe1+ 44. Bf1 1-0

[Event "Early-Titled-Tuesday-Blitz-January-30-2024"]
[Site "Chess.com"]
[Date "2024.01.30"]
[Round "3"]
[White "JoachimBN"]
[Black "Alex_Sahakyan2006"]
[Result "0-1"]
[WhiteElo "2588"]
[BlackElo "2880"]
[TimeControl "180+1"]
[EndTime "8:30:27 PST"]
[Termination "Alex_Sahakyan2006 won by resignation"]

1. d4 Nf6 2. c4 c5 3. d5 b5 4. Qc2 b4 5. e4 d6 6. f4 g6 7.
Nf3 Bg7 8. Bd3 O-O 9. O-O e6 10. dxe6 Bxe6 11. Nbd2 Nc6 12. Nb3 a5 13. Ng5 a4 14.
Nd2 Nd4 15. Qd1 Bg4 16. Qe1 Re8 17. h3 Bc8 18. Qh4 Bb7 19. Re1 h6 20. Ngf3 Nh5 21.
Qxd8 Raxd8 22. Nf1 Nxf3+ 23. gxf3 a3 24. Rb1 axb2 25.
Bxb2 Bxb2 26. Rxb2 Nxf4 27. Rd2 Nxh3+ 28. Kh2 Nf4 29. Ne3 h5 30. Kg3 Ne6 31. Bc2 Nd4 32. Bb3 f5 33. Nc2 Nxb3 34. axb3 fxe4 35. fxe4 Bxe4 36. Ne3 Kg7 37. Red1 Re6 38. Nf1 g5 39. Re2 h4+ 40. Kh2 g4 41. Nd2 g3+ 42. Kg1 Rde8 43. Rde1 Bf5 44. Rxe6 Rxe6 45. Rxe6 Bxe6 46. Kg2 Bf5 47.
Nf1 Be4+ 48. Kh3 g2 0-1